 Dungeon Crawl Stone Soup version 0.27-a0-679-g77a6b55cf3 (webtiles) character file.

Game seed: 5121476632296091623

143013 Aapotti the Frost Mage (level 16, -25/141 HPs)
             Began as a Demigod Ice Elementalist on Mar 18, 2021.
             Annihilated by a faun
             ... wielding a +0 quarterstaff
             ... led by a satyr
              (28 damage)
             ... on level 3 of the Shoals on Mar 19, 2021.
             The game lasted 02:49:27 (30756 turns).

Aapotti the Frost Mage (Demigod Ice Elementalist)  Turns: 30756, Time: 02:49:27

Health: -25/141    AC: 21    Str: 26    XL:     16   Next: 29%
Magic:  6/35       EV: 12    Int: 23    God:
Gold:   3500       SH:  8    Dex: 14    Spells: 8/35 levels left

rFire    + + .     SeeInvis +   V - +8 rapier of the Red Skies {freeze, rElec Str+4 SInv}
rCold    + . .     Faith    .   m - +3 warlock's mirror {reflect}
rNeg     . . .     Spirit   .   T - +5 chain mail of Imperfection {rElec Str+2}
rPois    +         Reflect  +   (helmet restricted)
rElec    +         Harm     .   q - +2 cloak {Will+}
rCorr    .         Rampage  .   f - +0 pair of gloves
Will     +....                  O - +0 pair of boots
Stlth    ..........             r - amulet of regeneration
HPRegen  1.33/turn              n - ring of Telof {rElec rF+ rC+ Will+ Str-5 SInv}
MPRegen  0.24/turn              F - ring of flight

@: weak-willed, very slightly contaminated, invisible
A: high mp 1, forlorn, horns 1, clever 1, fire resistance 1, poison resistance
a: Evoke Flight


You were on level 3 of the Shoals.
You visited 5 branches of the dungeon, and saw 27 of its levels.

You collected 4014 gold pieces.
You spent 514 gold pieces at shops.

Inventory:

Hand Weapons
 a - a +3 scimitar
 x - a +1 dagger of venom
 E - a +2 whip of flaming
 V - the +8 rapier of the Red Skies (weapon) {freeze, rElec Str+4 SInv}
   (You found it on level 5 of the Lair of Beasts)

   It has been specially enchanted to freeze those struck by it, causing extra
   injury to most foes and up to half again as much damage against particularly
   susceptible opponents.
   It can also slow down cold-blooded creatures.
   It affects your strength (+4).
   It insulates you from electricity.
   It lets you see invisible.
Armour
 f - a +0 pair of gloves (worn)
 m - the +3 warlock's mirror (worn) {reflect}
   (You acquired it on level 10 of the Dungeon)
 q - a +2 cloak of willpower (worn)
 s - a +2 plate armour of fire resistance
 G - +0 acid dragon scales
 L - a scarf of shadows
 O - a +0 pair of boots (worn)
 T - the +5 chain mail of Imperfection (worn) {rElec Str+2}
   (You acquired it on level 3 of the Lair of Beasts)

   It affects your strength (+2).
   It insulates you from electricity.
Jewellery
 i - a ring of wizardry
 j - a +6 ring of intelligence
 n - the ring of Telof (right hand) {rElec rF+ rC+ Will+ Str-5 SInv}
   (You found it on level 2 of the Shoals)

   [ring of protection from cold]

   It affects your strength (-5).
   It protects you from fire.
   It protects you from cold.
   It insulates you from electricity.
   It affects your willpower, your defense against some magical effects.
   It lets you see invisible.
 r - an amulet of regeneration (around neck)
 F - a ring of flight (left hand)
 K - the ring "Esmucs" {Dex+4 Slay+4}
   (You found it on level 2 of the Spider Nest)

   [ring of slaying]

   It affects your dexterity (+4).
   It affects your accuracy and damage with ranged weapons and melee attacks
   (+4).
Wands
 C - a wand of mindburst (50)
 S - a wand of acid (16)
 Y - a wand of iceblast (5)
 Z - a wand of paralysis (17)
Scrolls
 c - 10 scrolls of teleportation
 e - 3 scrolls of fear
 g - a scroll of summoning
 h - 3 scrolls of blinking
 k - 2 scrolls of silence {unknown}
 l - a scroll of holy word {unknown}
 p - 3 scrolls of vulnerability
 t - a scroll of fog
 v - 3 scrolls of amnesia
 w - 4 scrolls of identify
 A - 6 scrolls of magic mapping
 D - 2 scrolls of random uselessness {unknown}
 J - 5 scrolls of immolation {unknown}
 M - 2 scrolls of torment
 P - 5 scrolls of enchant armour
 W - 3 scrolls of enchant weapon
Potions
 b - a potion of invisibility
 d - 2 potions of flight {unknown}
 o - 4 potions of might
 u - 5 potions of curing
 z - 4 potions of brilliance
 B - 3 potions of lignification
 H - a potion of magic
 I - a potion of heal wounds
 N - a potion of berserk rage {unknown}
 R - a potion of resistance
 U - a potion of haste


   Skills:
 + Level 12.7 Fighting
 - Level 1.6(5.2) Short Blades
 - Level 8.0 Long Blades
 - Level 8.0 Armour
 - Level 8.0 Dodging
 - Level 2.0 Stealth
 - Level 6.1 Shields
 - Level 10.0 Spellcasting
 - Level 7.0 Conjurations
 + Level 10.5 Summonings
 + Level 12.7 Ice Magic
 - Level 4.0 Air Magic
 - Level 2.0 Evocations


You had 8 spell levels left.
You knew the following spells:

 Your Spells              Type           Power      Damage    Failure   Level
a - Freeze                Ice            100%       1d11      1%          1
b - Animate Skeleton      Necr           22%        N/A       28%         1
c - Frozen Ramparts       Ice            100%       1d12      1%          3
d - Summon Ice Beast      Ice/Summ       60%        N/A       2%          4
e - Mephitic Cloud        Conj/Pois/Air  28%        N/A       21%         3
f - Hailstorm             Conj/Ice       54%        3d12      4%          4
g - Ozocubu's Armour      Ice            63%        N/A       1%          3
h - Swiftness             Air            29%        N/A       9%          2
i - Freezing Cloud        Conj/Ice/Air   23%        6-21      87%         6

Your spell library contained the following spells:

 Spells                   Type           Power      Damage    Failure   Level
 Magic Dart               Conj           100%       1d8       1%          1
 Summon Small Mammal      Summ           100%       N/A       1%          1
 Call Imp                 Summ           56%        N/A       1%          2
 Shock                    Conj/Air       100%       1d9       3%          1
 Ensorcelled Hibernation  Hex/Ice        80%        N/A       3%          2
 Static Discharge         Conj/Air       36%        N/A       9%          3
 Conjure Flame            Conj/Fire      27%        6-21      21%         3
 Dazzling Flash           Conj/Hex       54%        N/A       21%         3
 Ice Form                 Ice/Tmut       40%        N/A       22%         4
 Apportation              Tloc           22%        N/A       28%         1
 Corona                   Hex            12%        N/A       28%         1
 Blink                    Tloc           N/A        N/A       41%         2
 Slow                     Hex            11%        N/A       41%         2
 Airstrike                Air            14%        N/A       50%         4
 Metabolic Englaciation   Hex/Ice        20%        N/A       52%         5
 Lightning Bolt           Conj/Air       18%        1d32      63%         5
 Confusing Touch          Hex            11%        N/A       65%         3
 Inner Flame              Hex/Fire       11%        N/A       65%         3
 Portal Projectile        Hex/Tloc       22%        N/A       65%         3
 Tukima's Dance           Hex            11%        N/A       65%         3
 Ozocubu's Refrigeration  Ice            31%        4d11      80%         7
 Cause Fear               Hex            5%         N/A       96%         4
 Leda's Liquefaction      Hex/Erth       5%         N/A       96%         4
 Simulacrum               Ice/Necr       20%        N/A       97%         6
 Monstrous Menagerie      Summ           28%        N/A       97%         7
 Haunt                    Necr/Summ      17%        N/A       100%        7
 Malign Gateway           Summ/Tloc      17%        N/A       100%        7
 Summon Horrible Things   Summ           28%        N/A       100%        8


Dungeon Overview and Level Annotations

Branches:
Dungeon (12/15)            Temple (0/1) D:4            Lair (6/6) D:8
 Shoals (3/4) Lair:4       Spider (4/4) Lair:4        Slime (0/5) Lair:5
    Orc (2/2) D:12            Elf (0/3) Orc:2

Shops:
D:4 =?[[   D:6 !   Orc:1 *!   Orc:2 !?*(

Annotations:
Lair:6 1 runed translucent door + stash, thenerdymusicguy's ghost, journeyman MiBe
Shoals:1 1 runed translucent door, crabbyslav's ghost, adept MiGl
Shoals:3 Ijustatesigmund's ghost, adept DsFi


Innate Abilities, Weirdness & Mutations

Your attributes grow dramatically as you level up.
You have an increased reservoir of magic. (+10% MP)
You shall have no god before yourself.
You have a pair of small horns on your head.
Your mind is acute. (Int +2)
Your flesh is heat resistant. (rF+)
Your system is resistant to poisons. (rPois)


Message History

The faun closely misses you.
The faun hits you with a +0 quarterstaff!!
* * * LOW HITPOINT WARNING * * *
Press: ? - help, v - describe, . - travel
Here: a faun, wielding a +0 quarterstaff and quivering sling bullets (heavily wounded, strong, weak-willed)
The floor.
You float gracefully downwards.
The faun unwields a +0 club.
The faun wields a +2 hunting sling of flaming.
It bursts into flame!
The faun shoots a sling bullet.
The sling bullet hits you but does no damage.
The faun completely misses you.
The faun hits you with a +0 quarterstaff.
* * * LOW HITPOINT WARNING * * *
You fade into invisibility!
The faun gestures at you while chanting.
You resist with almost no effort. You block the faun's attack.
The faun closely misses you.
Casting: Hailstorm (mildly dangerous; 4% risk of failure)
Confirm with . or Enter, or press ? or * to list all spells.
A chill wind blows around you.
The faun shoots a sling bullet.
The sling bullet closely misses you. The faun closely misses you.
The faun hits you with a +0 quarterstaff!
* * * LOW HITPOINT WARNING * * *
Unknown command.
You feel better. The faun misses you. The faun closely misses you.
Unknown command.
You feel better.
The faun unwields a +2 hunting sling of flaming.
It stops flaming.
The faun wields a +0 club.
You block the faun's attack. The faun barely misses you.
The faun hits you with a +0 quarterstaff.
* * * LOW HITPOINT WARNING * * *
Your ice beast hits the faun.
Your ice beast freezes the faun!
You feel better.
The faun hits you from afar with a +0 spear!
* * * LOW HITPOINT WARNING * * *
The faun hits you with a +0 club!
* * * LOW HITPOINT WARNING * * *
The faun hits you with a +0 quarterstaff!!
You die...

≈≈≈≈≈≈≈≈....≈≈≈≈≈≈
≈≈≈≈≈≈≈≈...≈...≈≈≈
≈≈≈≈≈≈≈≈≈≈≈≈≈..≈≈≈
≈≈≈≈≈≈..≈≈≈≈≈≈≈≈≈≈
≈≈≈≈≈...≈≈≈≈≈≈≈≈≈
≈≈≈≈≈≈≈≈≈≈≈≈≈≈≈≈≈
≈≈≈≈≈≈≈≈≈≈≈≈≈≈≈≈
≈≈≈≈≈≈≈≈≈≈≈≈≈≈≈≈
≈≈≈≈≈≈≈≈@Y†≈≈≈≈≈
≈≈≈≈≈≈≈≈cc.≈≈≈≈≈
≈≈≈≈≈≈≈c..†≈≈≈≈≈
≈≈..≈≈≈†)..≈≈≈≈≈
≈≈≈≈..≈≈...≈...≈
≈≈≈≈≈≈≈....≈≈..≈
≈≈≈......≈≈≈≈≈≈
.≈.......≈≈≈≈..
≈≈....#........


You could see 3 fauns and a friendly ice beast (summoned).

Vanquished Creatures
  A frost giant (Shoals:2)
  A stone giant (Shoals:2)
  An entropy weaver (Spider:4)
  A spark wasp (Spider:2)
  Nessos (Orc:2)
  Snorg (Lair:6)
  A merfolk javelineer (Shoals:1)
  A fire dragon (Lair:6)
  2 merfolk impalers
  2 boulder beetles
  2 hydras
  2 catoblepae
  A merfolk avatar (Shoals:1)
  A satyr (Shoals:3)
  A two-headed ogre (D:12)
  A queen ant (D:8)
  A merfolk aquamancer (Shoals:1)
  16 death yaks
  4 orc high priests
  4 sea snakes
  3 unseen horrors
  A swamp dragon (Lair:6)
  Pikel (D:7)
  2 lindwurms (Lair:6)
  A necromancer (Spider:2)
  11 orb spiders
  6 harpies (Shoals:3)
  7 wolf spider zombies (Spider:2)
  16 wolf spiders
  4 orc knights (Orc:2)
  3 oklob plants (Lair:4)
  5 fauns
  2 ugly things (D:12)
  5 orc sorcerers
  6 cyclopes (Shoals:2)
  11 manticores
  A merfolk siren (Shoals:2)
  6 black mambas
  3 water nymphs
  13 cane toads
  5 torpor snails
  7 komodo dragons
  9 demonic crawlers
  5 rime drakes
  Maggie (D:7)
  9 redback zombies (Spider:2)
  8 merfolk
  3 trolls
  5 wind drakes
  25 jumping spiders
  4 hornets
  14 tarantella zombies (Spider:2)
  17 blink frogs
  2 snapping turtles
  5 dream sheep
  59 redbacks
  14 tarantellas
  Sigmund (D:4)
  43 yaks
  6 wyverns
  A water elemental (Shoals:1)
  7 basilisks
  A steam dragon (Lair:6)
  3 vampire mosquitoes (D:12)
  Edmund (D:6)
  3 wargs
  14 water moccasins
  An acid dragon (Lair:6)
  5 soldier ants (D:8)
  2 nameless horrors
  3 swamp drakes (Lair:6)
  18 orc warriors
  3 black bears
  5 sky beasts
  8 ogres
  11 wolves
  3 centaurs
  2 lemures (D:7)
  A kobold brigand (D:12)
  2 phantoms
  16 bullfrogs
  Blork the orc (D:4)
  A gnoll sergeant (D:10)
  2 wyvern skeletons
  3 scorpions
  4 killer bees (D:9)
  8 wights
  4 howler monkeys
  2 electric eels
  A bullfrog zombie (D:5)
  11 hounds
  A jelly (D:5)
  12 orc priests
  4 bullfrog skeletons
  7 iguanas
  20 orc wizards
  35 worker ants
  A hound zombie (D:8)
  A hound skeleton (D:5)
  14 gnolls
  13 adders
  16 white imps
  An ufetubus (D:7)
  2 oozes
  5 worms
  2 dart slugs (D:3)
  7 leopard geckos
  60 orcs
  8 bats
  7 giant cockroaches
  8 hobgoblins
  16 jackals
  6 quokkas
  2 frilled lizards
  A giant cockroach zombie (D:6)
  12 goblins
  11 kobolds
  A leopard gecko skeleton (D:6)
  3 rats (D:1)
817 creatures vanquished.

Vanquished Creatures (collateral kills)
  Rupert (Orc:2)
  Gastronok (Lair:3)
  An entropy weaver (Spider:4)
  A merfolk impaler (Shoals:2)
  7 hydras
  A boulder beetle (D:11)
  A merfolk avatar (Shoals:1)
  3 sea snakes
  An orb spider (Spider:3)
  4 wolf spiders
  2 manticores (Shoals:1)
  3 fauns
  3 cyclopes
  A black mamba (Lair:6)
  A merfolk siren (Shoals:2)
  A water nymph (Shoals:2)
  A cane toad (Lair:6)
  3 rime drakes (Lair:6)
  A komodo dragon (Lair:6)
  A wind drake (Shoals:1)
  5 merfolk
  2 blink frogs
  2 jumping spiders
  2 slime creatures (D:12)
  A snapping turtle (Shoals:1)
  A dream sheep (Shoals:3)
  6 redbacks
  3 water elementals (Shoals:1)
  A tarantella (Spider:3)
  3 yaks
  2 basilisks (Lair:6)
  3 orc warriors
  2 ogres
  A centaur (Shoals:1)
  A bullfrog (Lair:4)
  4 wights (D:8)
  A hound (D:5)
  2 orc priests (Orc:2)
  2 bullfrog skeletons
  An iguana (Lair:6)
  3 orc wizards
  A white imp (D:7)
  8 orcs
95 creatures vanquished.

Vanquished Creatures (others)
  A wolf spider (Spider:3)
  An orc priest (Orc:1)
  A kobold (D:12)
  A bush (Lair:6)
  38 fungi
  86 plants
128 creatures vanquished.

Grand Total: 1040 creatures vanquished

Notes
Turn   | Place    | Note
-------+----------+-------------------------------------------
     0 | D:1      | Aapotti the Demigod Ice Elementalist began the quest for
                  | the Orb.
     0 | D:1      | Reached XP level 1. HP: 14/14 MP: 5/5
   678 | D:1      | Reached XP level 2. HP: 17/20 MP: 5/7
  1866 | D:2      | Learned a level 1 spell: Animate Skeleton
  1883 | D:2      | Reached XP level 3. HP: 9/27 MP: 3/8
  2365 | D:2      | Reached skill level 1 in Fighting
  2713 | D:2      | Learned a level 3 spell: Frozen Ramparts
  3129 | D:3      | Reached XP level 4. HP: 35/35 MP: 6/10
  4106 | D:4      | Noticed an ogre
  4113 | D:4      | Killed an ogre
  4114 | D:4      | Reached XP level 5. HP: 21/42 MP: 6/12
  4284 | D:4      | Found Salakhlo's Armour Shoppe.
  4307 | D:4      | Found Fipoc's Magic Scroll Boutique.
  4322 | D:4      | Found Ydayp's Antique Armour Boutique.
  4428 | D:4      | Reached skill level 5 in Ice Magic
  4512 | D:4      | Found Patug's Jewellery Emporium.
  4540 | D:4      | Noticed Sigmund
  4547 | D:4      | Reached XP level 6. HP: 46/50 MP: 14/14
  4556 | D:4      | Killed Sigmund
  4598 | D:4      | Found a staircase to the Ecumenical Temple.
  4647 | D:4      | Learned a level 4 spell: Summon Ice Beast
  4651 | D:4      | Learned a level 3 spell: Mephitic Cloud
  4881 | D:4      | Noticed Blork the orc
  4894 | D:4      | Killed Blork the orc
  4895 | D:4      | Reached skill level 1 in Armour
  4895 | D:4      | Reached skill level 1 in Shields
  4895 | D:4      | Reached XP level 7. HP: 56/57 MP: 8/16
  5101 | D:5      | Entered Level 5 of the Dungeon
  5220 | D:5      | Reached skill level 1 in Conjurations
  5830 | D:6      | Noticed Edmund
  5841 | D:6      | Reached XP level 8. HP: 32/66 MP: 13/18
  5853 | D:6      | Killed Edmund
  6100 | D:6      | Upgraded the game from 0.27-a0-676-gc1da3516c2 to
                  | 0.27-a0-679-g77a6b55cf3
  6219 | D:6      | Learned a level 4 spell: Hailstorm
  6283 | D:6      | Reached skill level 5 in Spellcasting
  6493 | D:6      | Found Buucre's Distillery.
  6841 | D:7      | Noticed Pikel
  6855 | D:7      | Killed Pikel
  6856 | D:7      | Reached skill level 5 in Fighting
  6856 | D:7      | Reached XP level 9. HP: 20/74 MP: 16/21
  7037 | D:7      | Noticed Maggie
  7046 | D:7      | Killed Maggie
  7993 | D:8      | Found a staircase to the Lair.
  8082 | D:8      | Reached skill level 1 in Long Blades
  8141 | D:8      | Learned a level 3 spell: Ozocubu's Armour
  8271 | D:8      | Reached XP level 10. HP: 80/80 MP: 9/23
  8373 | D:8      | Noticed a queen ant
  8389 | D:8      | Killed a queen ant
  9836 | D:10     | Entered Level 10 of the Dungeon
  9993 | D:10     | Identified 3 scrolls of acquirement
  9994 | D:10     | Acquired 1345 gold pieces
  9998 | D:10     | Acquired a scarf of shadows
 10030 | D:10     | Acquired the +3 warlock's mirror {reflect}
 10031 | D:10     | Found the +3 warlock's mirror {reflect}
 10760 | Lair:1   | Entered Level 1 of the Lair of Beasts
 10912 | Lair:1   | Reached XP level 11. HP: 81/91 MP: 17/25
 11128 | Lair:1   | Reached skill level 5 in Conjurations
 11358 | Lair:1   | Noticed a four-headed hydra
 11364 | Lair:1   | Killed a four-headed hydra
 11727 | Lair:1   | Reached skill level 5 in Dodging
 11899 | Lair:1   | Reached skill level 5 in Armour
 11899 | Lair:1   | Reached skill level 5 in Shields
 12065 | Lair:2   | Found a frozen archway.
 12185 | Lair:2   | Identified the -1 pair of gloves of Lahalex {Rampage Int+2}
 12469 | Lair:2   | Reached skill level 10 in Ice Magic
 13119 | Lair:3   | Noticed a five-headed hydra
 13126 | Lair:3   | Killed a five-headed hydra
 13349 | Lair:3   | Reached XP level 12. HP: 93/100 MP: 22/27
 13516 | Lair:3   | Acquired the +5 chain mail of Imperfection {rElec Str+2}
 13649 | Lair:3   | Reached skill level 1 in Summonings
 13959 | Lair:3   | Noticed Gastronok
 13974 | Lair:3   | Killed Gastronok
 14069 | Lair:3   | Gained mutation: You occasionally shout uncontrollably at
                  | your foes. [potion of mutation]
 14069 | Lair:3   | Gained mutation: You are weak. (Str -2) [potion of
                  | mutation]
 14069 | Lair:3   | Gained mutation: You are strong-willed. (Will+) [potion of
                  | mutation]
 14081 | Lair:3   | Reached skill level 5 in Long Blades
 14432 | Lair:4   | Noticed a six-headed hydra
 14441 | Lair:4   | Killed a six-headed hydra
 14638 | Lair:4   | Found a hole to the Spider Nest.
 14730 | Lair:4   | Acquired a Grand Grimoire
 15142 | Lair:4   | Identified the +1 hand crossbow of Xebyst {vorpal, Fragile
                  | +Fly rC+++ Stlth-}
 15318 | Lair:4   | Found a staircase to the Shoals.
 15826 | Lair:5   | Noticed a four-headed hydra
 15837 | Lair:5   | Killed a four-headed hydra
 15915 | Lair:5   | Identified the +8 rapier of the Red Skies {freeze, rElec
                  | Str+4 SInv}
 15958 | Lair:5   | Reached XP level 13. HP: 98/108 MP: 15/29
 16211 | Lair:5   | Identified the +0 leather armour "Jaoqew" {rN+ Regen+ MP+9
                  | Int+5 Dex-5}
 16511 | Lair:5   | Found a staircase to the Slime Pits.
 16949 | Lair:6   | Entered Level 6 of the Lair of Beasts
 17280 | Lair:6   | Found a runed translucent door.
 17280 | Lair:6   | Noticed thenerdymusicguy's ghost (journeyman MiBe)
 17322 | Lair:6   | Reached skill level 5 in Summonings
 17874 | Lair:6   | Learned a level 2 spell: Swiftness
 17946 | Lair:6   | Noticed Snorg
 17957 | Lair:6   | Killed Snorg
 18203 | Lair:6   | Reached XP level 14. HP: 118/118 MP: 24/31
 19100 | D:4      | Bought a +2 cloak of willpower for 258 gold pieces
 19846 | D:12     | Reached skill level 1 in Air Magic
 19916 | D:12     | Found a staircase to the Orcish Mines.
 20912 | Orc:1    | Entered Level 1 of the Orcish Mines
 21035 | Orc:1    | Found Doerrin's Distillery.
 21086 | Orc:1    | Bought a potion of mutation for 128 gold pieces
 21087 | Orc:1    | Lost mutation: You are weak. (Str -2) [potion of mutation]
 21087 | Orc:1    | Lost mutation: You are strong-willed. (Will+) [potion of
                  | mutation]
 21087 | Orc:1    | Gained mutation: You are somewhat resistant to further
                  | mutation. [potion of mutation]
 21087 | Orc:1    | Gained mutation: You have a pair of small antennae on your
                  | head. [potion of mutation]
 21089 | Orc:1    | Bought a potion of mutation for 128 gold pieces
 21090 | Orc:1    | Lost mutation: You occasionally shout uncontrollably at
                  | your foes. [potion of mutation]
 21090 | Orc:1    | Lost mutation: You have a pair of small antennae on your
                  | head. [potion of mutation]
 21090 | Orc:1    | Lost mutation: You are somewhat resistant to further
                  | mutation. [potion of mutation]
 21090 | Orc:1    | Gained mutation: Your system is resistant to poisons.
                  | (rPois) [potion of mutation]
 21090 | Orc:1    | Gained mutation: Your flesh is heat resistant. (rF+)
                  | [potion of mutation]
 21090 | Orc:1    | Gained mutation: Your mind is acute. (Int +2) [potion of
                  | mutation]
 21090 | Orc:1    | Gained mutation: You have a pair of small horns on your
                  | head. [potion of mutation]
 21362 | Orc:1    | You fall into a shaft and drop 1 floor!
 21362 | Orc:2    | Entered Level 2 of the Orcish Mines
 21376 | Orc:2    | Noticed Nessos
 21379 | Orc:2    | Killed Nessos
 21466 | Orc:1    | Found Oshiepou's General Store.
 21559 | Orc:2    | Found a staircase to the Elven Halls.
 22237 | Orc:2    | Noticed Rupert
 22253 | Orc:2    | Killed Rupert
 22254 | Orc:2    | Reached skill level 10 in Fighting
 22432 | Orc:2    | Found Guilinnas's Antique Weapon Shoppe.
 22616 | Orc:2    | Found Plog's Assorted Antiques.
 22713 | Orc:2    | Found Lauqeiw's Magic Scroll Boutique.
 22715 | Orc:2    | Found Man Foarau's Distillery.
 23172 | Spider:1 | Entered Level 1 of the Spider Nest
 24137 | Spider:2 | Reached skill level 10 in Spellcasting
 24838 | Spider:2 | Reached XP level 15. HP: 83/128 MP: 19/33
 25122 | Spider:3 | Acquired a book of Ice
 25137 | Spider:3 | Learned a level 6 spell: Freezing Cloud
 25364 | Spider:3 | Reached skill level 1 in Short Blades
 25753 | Spider:4 | Entered Level 4 of the Spider Nest
 26066 | Spider:2 | Identified the ring "Esmucs" {Dex+4 Slay+4}
 26522 | Spider:3 | Identified the +0 whip of Welfare {holy, rF+ SInv}
 27321 | Spider:3 | HP: 1/132 [demonic crawler (13)]
 27568 | Shoals:1 | Entered Level 1 of the Shoals
 28587 | Shoals:1 | Found a runed translucent door.
 28703 | Shoals:1 | Noticed crabbyslav's ghost (adept MiGl)
 29233 | Shoals:2 | Reached XP level 16. HP: 133/139 MP: 19/35
 29236 | Shoals:2 | Identified the ring of Telof {rElec rF+ rC+ Will+ Str-5
                  | SInv}
 29267 | Shoals:2 | Reached skill level 10 in Summonings
 29267 | Shoals:2 | Reached skill level 1 in Evocations
 30629 | Shoals:3 | Noticed Ijustatesigmund's ghost (adept DsFi)
 30753 | Shoals:3 | HP: 3/141 [faun/+0 quarterstaff[a satyr] (13)]
 30756 | Shoals:3 | Annihilated by a faun

Illustrated notes

Levels and vault maps discovered:
D:1:      nagdon_arrival_double_spiral, layout_basic, serial_forest,
          infiniplex_forest_lined_1, infiniplex_forest_end_1,
          infiniplex_forest_clump_cross, infiniplex_forest_lined_1,
          infiniplex_forest_split, infiniplex_forest_clump_curved,
          infiniplex_forest_straight_2, infiniplex_forest_clump_long,
          chequers_serial_rivers_room_a, minmay_heptomino_o4
D:2:      layout_loops_ring
D:3:      layout_loops_ring, trog_hazing_becter
D:4:      layout_loops_ring, minmay_temple_entry_stoned_glass, serial_shops,
          shop, nicolae_shop_crystal, shop, shop, uniq_blork_the_orc,
          uniq_sigmund
D:5:      layout_rooms, chequers_temple_overflow_minitemple,
          kennysheep_generic_room_4
D:6:      layout_basic, basic_altar, serial_shops, nicolae_shop_trees,
          lemuel_altar_in_water, uniq_edmund
D:7:      layout_cave_pods, basic_altar, minmay_hedge_maze, uniq_pikel,
          uniq_maggie
D:8:      layout_cave_pools, lair_entry_dummy, minmay_another_anthill
D:9:      layout_gridville, grunt_temple_overflow_forces_of_nature,
          patterned_corridor
D:10:     layout_irregular_city, chequers_serial_rivers_micro_b
D:11:     layout_big_octagon, fungi_pond_lemuel
D:12:     layout_loops_ring, david_orc_1_choice, amcnicky_mini_pool_small
Lair:1:   layout_concentric_octagons, lemuel_fruit_tree,
          infiniplex_staircase_pool
Lair:2:   layout_cave_pods, portal_ice_cave_entry_imps, grunt_megastairs_1
Lair:3:   layout_loops_ring, grunt_megastairs_3, infiniplex_staircase_pool_2,
          uniq_gastronok
Lair:4:   layout_long_grid, minmay_shoals_entry_hut,
          nicolae_spider_entry_tight_spaces, minivault_27, minivault_25,
          minmay_lair_oklob_chamber, lemuel_fruit_fields
Lair:5:   layout_cave_pods, dpeg_slime_entry_enclosed_altar,
          nicolae_volcano_entry_s_turn, beast_lair_carwin_8
Lair:6:   hangedman_lair_in_review, layout_concentric_octagons,
          guppyfry_lair_end_dragon, ebering_ghost_reflecting_pool, uniq_snorg
Shoals:1: nicolae_shoals_island_circles, layout_shoals,
          ebering_ghost_inner_flame
Shoals:2: layout_shoals, st_shoals_ruin
Shoals:3: layout_shoals, serial_shops, nicolae_shop_competitors_out_of_business,
          gammafunk_ghost_split
Spider:1: layout_spider_delve, drop_trap, hangedman_spider_mandibles,
          hive_lemuel
Spider:2: lemuel_spider_zombies, nicolae_spider_circle_web
Spider:3: layout_spider_delve
Spider:4: grunt_spider_rune_circles
Orc:1:    layout_caves, serial_shops, shop, shop
Orc:2:    st_orc_elflike, layout_caves, basic_altar, nicolae_orc_crystal_geode,
          uniq_rupert, uniq_nessos

Skill      XL: |  1  2  3  4  5  6  7  8  9 10 11 12 13 14 15 16 |
---------------+-------------------------------------------------+-----
Spellcasting   | 2 3 4 5 6 7 8 9 10 | 10.0
Ice Magic      | 4 5 6 7 9 10 11 12 | 12.7
Stealth        | 2 |  2.0
Dodging        | 2 3 4 5 6 8 |  8.0
Fighting       | 1 2 3 4 5 6 7 8 9 10 12 | 12.7
Armour         | 1 2 3 4 5 6 8 |  8.0
Shields        | 1 2 4 5 6 |  6.1
Conjurations   | 2 3 4 5 6 7 |  7.0
Long Blades    | 1 3 4 5 7 8 |  8.0
Summonings     | 3 5 7 9 10 | 10.5
Air Magic      | 2 4 |  4.0
Short Blades   | 1 |  1.6
Evocations     | 2 |  2.0

Action                   |  1- 3 |  4- 6 |  7- 9 | 10-12 | 13-15 | 16-18 || total
-------------------------+-------+-------+-------+-------+-------+-------++-------
Melee: Dagger            |    40 |    74 |       |     8 |       |       ||   122
       Whip              |       |    11 |   284 |    13 |       |       ||   308
       Scimitar          |       |       |    58 |   473 |       |       ||   531
       Rapier            |       |       |       |     6 |  1011 |    86 ||  1103
       Headbutt          |       |       |       |       |   226 |    23 ||   249
Throw: Dart              |       |     4 |       |       |       |       ||     4
 Cast: Freeze            |    61 |    11 |    18 |     1 |       |       ||    91
       Frozen Ramparts   |     1 |    17 |    32 |    69 |    78 |       ||   197
       Animate Skeleton  |       |     1 |     3 |    17 |    26 |       ||    47
       Summon Ice Beast  |       |       |    10 |    18 |   138 |    12 ||   178
       Ozocubu's Armour  |       |       |     2 |    27 |    14 |       ||    43
       Hailstorm         |       |       |     2 |    17 |   111 |    45 ||   175
       Mephitic Cloud    |       |       |       |     1 |       |       ||     1
 Abil: Evoke Flight      |       |       |       |       |     8 |    14 ||    22
  Use: Potion            |       |     1 |       |     1 |     4 |     4 ||    10
       Scroll            |       |       |       |    20 |    10 |       ||    30
 Stab: Sleeping          |     8 |       |       |       |       |       ||     8
       Distracted        |     1 |       |     1 |       |    13 |     2 ||    17
       Petrified         |       |       |       |     5 |     1 |       ||     6
       Confused          |       |       |       |     3 |       |       ||     3
Armor: Robe              |     9 |       |       |       |       |       ||     9
       Scale mail        |    10 |    26 |    93 |       |       |       ||   129
       Acid dragon scale |       |       |    30 |   145 |       |       ||   175
       Chain mail        |       |       |       |    57 |   589 |    52 ||   698
Dodge: Dodged            |    42 |    50 |   202 |   324 |   555 |    68 ||  1241
Block: Buckler           |       |       |    55 |   231 |   457 |    57 ||   800
       Reflection        |       |       |       |     7 |    28 |    16 ||    51
       Rpst.: Scimitar   |       |       |    16 |    97 |       |       ||   113

Table legend: (Time is in decaauts)
 A = Elapsed time spent in this place.
 B = Non-inter-level travel time spent in this place.
 C = Inter-level travel time spent in this place.
 D = Time resting spent in this place.
 E = Time spent auto-exploring this place.
 F = Levels seen in this place.
 G = Mean time per level.
                   A        B        C        D        E       F      G
               +--------+--------+--------+--------+--------+-----+--------+
         Total |  31035 |  29515 |   1520 |   6416 |  13806 |  27 | 1149.4 |
       Dungeon |  13063 |  12219 |    844 |   2007 |   6311 |  12 | 1088.6 |
          Lair |   8320 |   7911 |    409 |   1217 |   4522 |   6 | 1386.7 |
        Shoals |   3244 |   3244 |      0 |   1319 |    527 |   3 | 1081.3 |
   Spider Nest |   4363 |   4152 |    211 |   1377 |   1506 |   4 | 1090.8 |
  Orcish Mines |   2042 |   1987 |     55 |    496 |    939 |   2 | 1021.0 |
               +--------+--------+--------+--------+--------+-----+--------+

Top non-repeatable levels by time:
     D:1: 1872 daAuts
Shoals:1: 1820 daAuts
  Lair:6: 1792 daAuts
Spider:3: 1787 daAuts
Spider:2: 1466 daAuts
   Orc:2: 1415 daAuts
    D:12: 1400 daAuts
  Lair:5: 1354 daAuts
  Lair:4: 1342 daAuts
  Lair:3: 1323 daAuts
  Lair:1: 1309 daAuts
     D:7: 1245 daAuts
  Lair:2: 1198 daAuts
     D:2: 1182 daAuts
     D:9: 1177 daAuts
